cohdb
Replays
Latest Replays
All Replays
Popular Replays
Top Player Replays
Match Explorer
How It Works
Community
CoH3 Stats
Reddit
Sign in to upload your games and track your stats! →
Sign in with Steam
Match 42169295
Unlisted
Match 42169295
Overview
Messages
Build Orders
End
Construct Barracks
Selects Armored Battlegroup
Selects Veteran Crews
1⁄4-ton 4x4 Truck
Riflemen Squad
Riflemen Squad
M1 Mortar Team
Construct Medical Station
Infantry Support Center
Riflemen Squad
Grenade Package
Selects Strength in Steel
Penetron2000
bruh
BigTiddyLebron
kreumat
0
0
Comments
sign in to comment!
No comments posted yet!